Map: Eternal Empire LE

Players

ShoWTimE

  • Race: Protoss Protoss
  • League: Grandmaster
  • Spawn Location: 1:00

Serral - Winner!

  • Race: Zerg Zerg
  • League: Grandmaster
  • Spawn Location: 7:00

Event: DreamHack SC2 Masters 2020 Fall

VOD

Have the link to the VOD?

Description

Time

  • Played on: Aug. 26, 2020, 1:49 p.m.
  • Length: 17:03

All games in this series

Show
View Real Time Build Order
Export as new Build Order

ShoWTimE Protoss 

Build Orders: 1 Gate Expand, Oracle Opening, Phoenix Opening, Archon Immortal 

Get SALT Encoding   

  12  0:00  Probe  
  13  0:12  Probe  
  14  0:18  Pylon  
  14  0:24  Probe (Chrono Boost)  
  15  0:37  Probe (Chrono Boost)  
  15  0:38  Gateway  
  16  0:45  Probe (Chrono Boost)  
  16  0:46  Assimilator  
  17  0:51  Probe  
  18  1:03  Probe  
  19  1:16  Probe  
  20  1:25  Nexus  
  20  1:28  Probe  
  21  1:38  Cybernetics Core  
  21  1:43  Assimilator  
  21  1:47  Probe  
  22  1:54  Pylon  
  22  1:59  Probe  
  23  2:12  Adept (Chrono Boost), Probe (Chrono Boost)  
  26  2:17  Stargate  
  26  2:21  Probe (Chrono Boost)  
  27  2:23  Warp Gate  
  27  2:26  Probe (Chrono Boost)  
  28  2:35  Adept  
  30  2:37  Probe (Chrono Boost)  
  32  2:45  Probe (Chrono Boost)  
  32  2:47  Probe (Chrono Boost)  
  33  2:51  Probe (Chrono Boost)  
  33  2:52  Probe (Chrono Boost)  
  35  3:00  Phoenix (Chrono Boost)  
  35  3:03  Probe  
  35  3:04  Probe  
  35  3:05  Pylon  
  39  3:15  Probe  
  39  3:16  Probe  
  41  3:20  Oracle (Chrono Boost)  
  41  3:25  Gateway  
  44  3:27  Probe  
  44  3:28  Probe  
  44  3:30  Assimilator  
  46  3:34  Assimilator  
  46  3:40  Probe x2  
  48  3:42  Pylon  
  48  3:49  Oracle (Chrono Boost)  
  48  3:52  Probe x2  
  53  3:58  Pylon  
  53  3:59  Robotics Facility  
  53  4:04  Probe x2  
  55  4:16  Oracle (Chrono Boost), Probe x2  
  57  4:20  Adept x2  
  64  4:29  Pylon  
  64  4:30  Probe x2  
  66  4:42  Nexus  
  66  4:44  Probe x2  
  68  4:48  Pylon  
  68  4:50  Observer  
  68  4:51  Sentry x2  
  73  4:56  Probe  
  74  5:03  Shield Battery  
  74  5:05  Probe, Pylon  
  75  5:08  Probe  
  75  5:11  Immortal (Chrono Boost)  
  80  5:17  Probe  
  80  5:18  Sentry x2  
  85  5:22  Probe  
  86  5:29  Probe  
  86  5:30  Forge, Twilight Council  
  86  5:33  Pylon  
  86  5:34  Probe  
  88  5:41  Probe  
  89  5:43  Zealot x2  
  89  5:46  Probe  
  94  5:53  Probe  
  95  5:57  Probe  
  95  5:59  Probe  
  95  6:02  Protoss Ground Weapons Level 1 (Chrono Boost)  
  97  6:04  Assimilator  
  97  6:05  Probe  
  97  6:07  Charge  
  97  6:08  Assimilator  
  97  6:09  Probe  
  97  6:10  Gateway x2  
  97  6:11  Probe  
  100  6:17  Probe  
  101  6:18  Templar Archives  
  101  6:21  Probe  
  101  6:23  Probe  
  103  6:28  Warp Prism (Chrono Boost)  
  103  6:29  Probe  
  106  6:33  Zealot x2, Probe  
  106  6:37  Probe  
  112  6:46  Probe  
  111  6:49  Gateway  
  111  6:51  Gateway  
  111  6:58  Immortal (Chrono Boost), Gateway  
  111  6:59  Gateway  
  111  7:04  High Templar x3, Gateway x2  
  117  7:09  Pylon  
  117  7:11  High Templar  
  117  7:16  Archon x2  
  117  7:18  Gateway, Pylon  
  117  7:20  Pylon  
  117  7:27  Immortal (Chrono Boost)  
  121  7:37  Pylon  
  121  7:40  Pylon  
  121  7:43  Zealot x5  
  131  7:49  Psionic Storm  
  131  7:56  Zealot x2  
  135  7:58  Nexus  
  135  8:00  Pylon  
  135  8:01  Protoss Ground Weapons Level 2 (Chrono Boost)  
  135  8:03  Pylon  
  135  8:07  High Templar x4  
  143  8:13  Probe x3, Pylon  
  143  8:17  Warp Prism (Chrono Boost)  
  146  8:25  Gateway  
  146  8:26  Gateway  
  148  8:30  Pylon  
  148  8:31  High Templar x2  
  152  8:34  Photon Cannon  
  152  8:36  Photon Cannon  
  152  8:38  Probe  
  153  8:48  Assimilator  
  153  8:49  Probe x2  
  153  8:50  Immortal (Chrono Boost), Probe  
  153  8:53  Photon Cannon  
  153  8:54  Assimilator, Photon Cannon  
  160  9:01  Photon Cannon  
  160  9:03  Photon Cannon  
  160  9:04  Shield Battery  
  160  9:06  Pylon  
  160  9:11  Zealot x4  
  160  9:16  High Templar x3  
  174  9:21  Zealot x2, Archon  
  174  9:22  High Templar  
  178  9:27  Pylon  
  178  9:28  Archon  
  178  9:37  Photon Cannon  
  178  9:38  Shield Battery  
  178  9:44  Fleet Beacon  
  176  9:47  Stargate  
  176  9:50  Zealot x4  
  176  9:51  Zealot x3  
  190  10:04  Stargate  
  190  10:13  Protoss Air Weapons Level 1 (Chrono Boost), Probe x2  
  184  10:15  Protoss Ground Weapons Level 3 (Chrono Boost), Probe  
  184  10:20  Zealot x6  
  191  10:27  Photon Cannon  
  191  10:31  Photon Cannon  
  191  10:32  Photon Cannon  
  191  10:38  Probe x2 (Chrono Boost)  
  191  10:40  Nexus, Probe (Chrono Boost)  
  191  10:41  Probe (Chrono Boost)  
  166  10:49  Probe x2 (Chrono Boost)  
  170  10:50  Probe x2 (Chrono Boost)  
  170  10:54  High Templar x6, Probe x2 (Chrono Boost)  
  184  10:58  Archon x2  
  184  11:00  Probe  
  185  11:09  Archon  
  172  11:17  Probe  
  169  11:24  Zealot x3  
  159  11:30  Zealot x6  
  159  11:35  Pylon  
  159  11:40  Tempest x3  
  174  11:47  High Templar  
  174  11:48  High Templar x2  
  166  12:02  Zealot x6  
  166  12:05  Probe x2  
  179  12:08  Probe x2  
  179  12:12  Unknown  
  180  12:20  Probe  
  173  12:23  Zealot x8  
  173  12:24  Zealot  
  173  12:26  Probe  
  173  12:27  Probe  
  136  12:45  Zealot x5  
  136  12:46  Probe x3  
  136  12:47  Zealot  
  134  12:52  High Templar x3  
  134  12:54  Probe x2  
  134  12:58  Probe x2  
  142  13:05  High Templar  
  142  13:06  High Templar x3, Probe  
  142  13:08  Archon  
  142  13:12  Probe  
  140  13:13  Shield Battery  
  140  13:19  Shield Battery  
  140  13:21  High Templar x2  
  140  13:25  High Templar  
  140  13:26  High Templar x2  
  140  13:27  Archon  
  148  13:30  Archon  
  148  13:40  Zealot x4  
  148  13:41  Zealot x2  
  158  13:46  Protoss Air Weapons Level 2 (Chrono Boost)  
  149  13:57  Zealot x2  
  149  14:00  Stalker x2  
  149  14:01  Archon x2  
  143  14:03  Zealot x2  
  143  14:07  Zealot x5  
  143  14:08  Probe x2  
  143  14:09  Probe x3  
  129  14:17  Stalker x2  
  129  14:20  Probe  
  129  14:21  Probe x2  
  128  14:26  Nexus  
  128  14:27  High Templar x2  
  132  14:32  High Templar x3  
  132  14:33  High Templar  
  132  14:37  Archon  
  140  14:38  High Templar x3  
  140  14:45  Protoss Shields Level 1 (Chrono Boost)  
  146  14:47  Photon Cannon  
  144  14:53  Zealot x2  
  144  14:56  Shield Battery  
  144  14:58  Pylon  
  148  15:00  Observer  
  148  15:01  Zealot x2  
  148  15:05  Zealot x2  
  151  15:14  Zealot x3  
  151  15:18  Zealot  
  121  15:21  Zealot  
  121  15:22  Zealot  
  121  15:27  Zealot  
  115  15:31  High Templar x3  
  115  15:32  High Templar  
  123  15:41  Zealot x2  
  123  15:42  Zealot x2  
  131  15:47  High Templar x2  
  135  15:54  High Templar  
  135  15:55  Archon  
  135  16:01  Zealot  
  135  16:02  Zealot x3  
  143  16:09  Zealot x3  
  143  16:10  Zealot  
  115  16:20  Archon  
  115  16:23  Zealot x6  
  125  16:32  High Templar x5  
  135  16:38  Pylon  
  135  16:40  Archon x2  
  135  16:46  Stalker x2  
  135  16:47  Stalker x2  
  139  16:51  Zealot x2  
  132  16:59  Zealot  
Show
View Real Time Build Order
Export as new Build Order

Serral Zerg - Winner!

Build Orders: Hatch First 

Get SALT Encoding   

  12  0:00  Drone  
  13  0:12  Overlord  
  13  0:16  Drone  
  14  0:30  Drone  
  14  0:31  Drone  
  16  0:48  Hatchery  
  15  0:51  Drone  
  15  0:55  Drone  
  17  0:58  Drone  
  18  1:09  Extractor  
  17  1:13  Spawning Pool  
  17  1:16  Drone  
  17  1:21  Drone  
  18  1:27  Drone  
  19  1:38  Drone  
  20  1:50  Overlord  
  20  2:00  Queen x2  
  20  2:01  Zergling x4  
  26  2:11  Drone x2  
  26  2:12  Metabolic Boost  
  28  2:24  Drone x2  
  30  2:34  Drone  
  31  2:40  Hatchery  
  31  2:43  Drone  
  31  2:47  Queen  
  33  2:52  Overlord  
  33  2:55  Drone  
  33  2:57  Drone  
  35  2:59  Drone  
  36  3:12  Drone x4  
  40  3:13  Overlord  
  40  3:15  Drone  
  40  3:20  Drone  
  40  3:23  Queen  
  40  3:26  Overlord  
  43  3:30  Overlord  
  43  3:38  Zergling x2  
  44  3:41  Overlord  
  44  3:44  Drone x3  
  44  3:46  Drone x2  
  44  3:47  Spore Crawler  
  48  3:50  Drone  
  48  3:53  Queen  
  51  3:57  Zergling x2  
  51  3:58  Drone x2  
  54  4:04  Evolution Chamber  
  54  4:06  Spore Crawler  
  54  4:07  Drone, Spore Crawler  
  54  4:09  Drone  
  53  4:10  Drone  
  53  4:14  Drone x2  
  53  4:16  Drone  
  57  4:17  Drone  
  57  4:21  Overlord  
  57  4:22  Drone  
  59  4:26  Drone x3  
  59  4:29  Zerg Melee Weapons Level 1  
  62  4:31  Zergling x2  
  62  4:33  Drone  
  62  4:36  Overlord  
  64  4:43  Drone x2, Lair  
  66  4:47  Drone x3  
  66  4:49  Extractor  
  66  4:51  Extractor  
  67  4:54  Baneling Nest  
  67  4:55  Zergling x4  
  67  4:57  Drone x4  
  69  5:01  Drone  
  69  5:07  Drone x4  
  71  5:13  Hatchery  
  73  5:15  Drone x3  
  73  5:19  Drone x3  
  79  5:22  Drone x2  
  79  5:25  Extractor, Overlord  
  80  5:28  Extractor x2  
  80  5:31  Zergling x4  
  80  5:33  Drone x2  
  82  5:38  Spore Crawler  
  82  5:39  Drone  
  82  5:45  Drone  
  82  5:46  Drone x4  
  82  5:48  Drone, Hydralisk Den  
  87  5:55  Drone x5  
  87  6:03  Queen  
  89  6:05  Overlord x2  
  89  6:13  Overlord  
  89  6:18  Zergling x2  
  90  6:22  Queen  
  90  6:23  Zergling x10  
  95  6:29  Zergling x12  
  95  6:30  Queen x2  
  102  6:36  Hydralisk x4  
  109  6:43  Hydralisk  
  109  6:44  Hydralisk x2  
  107  6:54  Hydralisk x2  
  107  6:56  Drone x6  
  107  6:57  Drone  
  107  6:59  Drone  
  119  7:03  Grooved Spines  
  119  7:05  Zerg Melee Weapons Level 2  
  119  7:06  Overlord  
  119  7:07  Overlord  
  119  7:11  Overlord  
  119  7:15  Pneumatized Carapace  
  119  7:22  Overseer, Unknown  
  118  7:23  Centrifical Hooks  
  118  7:29  Drone, Hydralisk x3  
  124  7:30  Hatchery  
  124  7:33  Hydralisk x2  
  124  7:39  Hydralisk x3  
  124  7:41  Baneling x6  
  124  7:42  Baneling  
  130  7:45  Baneling  
  130  7:46  Baneling x3  
  130  7:48  Overlord  
  130  7:49  Hydralisk x2  
  134  7:58  Zergling x18  
  142  8:02  Zergling x2  
  143  8:08  Overlord x2  
  143  8:11  Hydralisk x3, Zergling x2  
  143  8:12  Zergling x2  
  151  8:14  Muscular Augments  
  151  8:20  Overlord  
  151  8:22  Overlord  
  151  8:28  Drone x2  
  151  8:29  Drone x3, Spire  
  151  8:30  Drone, Infestation Pit  
  151  8:31  Drone  
  156  8:34  Evolution Chamber  
  156  8:38  Hydralisk x3  
  156  8:39  Zergling x8  
  165  8:44  Zergling x6  
  165  8:45  Overlord  
  165  8:46  Overlord  
  167  8:54  Zergling x2  
  167  8:55  Zergling x8  
  172  9:02  Zerg Missile Weapons Level 1  
  172  9:04  Baneling x4  
  172  9:05  Baneling x5  
  172  9:07  Drone x3, Hive  
  172  9:08  Drone  
  176  9:12  Zergling x12  
  182  9:23  Zergling x12  
  188  9:28  Queen  
  188  9:29  Overlord  
  190  9:38  Zergling x14  
  190  9:44  Baneling x15  
  199  9:46  Corruptor  
  190  10:10  Drone x2  
  190  10:12  Drone  
  190  10:13  Drone  
  185  10:15  Zergling x26  
  192  10:21  Adrenal Glands, Greater Spire  
  192  10:26  Extractor, Spore Crawler  
  192  10:27  Extractor, Zergling x18  
  196  10:32  Zerg Ground Armor Level 1  
  190  10:39  Overlord  
  186  10:43  Drone x3  
  186  10:47  Zergling x22  
  186  10:49  Overseer  
  200  10:50  Baneling  
  200  10:51  Baneling x13  
  200  10:57  Hatchery  
  200  11:02  Zerg Melee Weapons Level 3  
  196  11:08  Zergling x16  
  196  11:13  Zergling x2  
  196  11:14  Zergling x6  
  173  11:28  Zergling x2  
  173  11:29  Zergling x20  
  173  11:35  Zergling x2, Baneling x7  
  173  11:36  Zergling x16  
  173  11:38  Zerg Flyer Weapons Level 1, Pathogen Glands  
  182  11:41  Spire  
  182  11:44  Overseer  
  182  11:45  Unknown  
  180  11:48  Drone x3  
  180  11:51  Baneling x6  
  180  11:52  Baneling x3  
  181  12:00  Zergling x32  
  188  12:09  Corruptor x6  
  188  12:12  Baneling  
  188  12:13  Baneling x11  
  182  12:32  Zergling x26  
  182  12:34  Neural Parasite  
  182  12:36  Zergling x18  
  192  12:39  Corruptor x2  
  192  12:43  Zergling x20  
  185  12:48  Hydralisk x2  
  185  12:49  Hydralisk  
  185  12:50  Hydralisk  
  166  12:59  Baneling x4  
  166  13:00  Hydralisk x4  
  170  13:08  Baneling x2  
  170  13:09  Baneling x14  
  168  13:13  Baneling x8  
  168  13:14  Hydralisk  
  168  13:15  Hydralisk x2  
  174  13:23  Hydralisk x4  
  182  13:27  Baneling x8  
  182  13:28  Baneling x2  
  182  13:39  Zergling x2  
  182  13:40  Zergling x26  
  196  13:45  Baneling x7  
  177  13:58  Zergling x26  
  161  14:11  Zergling x36  
  174  14:23  Baneling  
  174  14:24  Hydralisk x2, Baneling x7  
  164  14:25  Zergling x10  
  164  14:30  Zerg Flyer Weapons Level 2  
  173  14:31  Zerg Flyer Armor Level 1  
  173  14:34  Overlord  
  173  14:45  Overlord  
  172  14:46  Zergling x12  
  172  14:47  Baneling, Zergling x6  
  172  14:48  Baneling x5  
  181  14:54  Zergling x16  
  182  15:14  Zergling x22  
  168  15:16  Zergling x26  
  164  15:31  Zergling x14  
  164  15:32  Baneling x2, Zergling x4  
  164  15:33  Baneling x10  
  174  15:35  Zergling x12  
  179  15:44  Baneling x7  
  179  15:49  Zergling x18  
  188  15:56  Zergling x22  
  196  16:03  Overlord  
  193  16:04  Baneling x3  
  193  16:05  Drone  
  168  16:23  Brood Lord x7  
  182  16:27  Baneling x4  
  182  16:28  Baneling x8  
  182  16:32  Hydralisk x2  
  184  16:33  Zergling x4  

Tags
 
Add a new tag
Caveats
  • Supply blocks, unpowered buildings, or Contaminate may cause inaccurate times.
  • Supply counts are checked every 10 seconds.